 Dungeon Crawl Stone Soup version 0.19-a0-1895-g783e625 (webtiles) character file.

1640 Amnesiac the Magician (level 8, -13/38 HPs)
             Began as a Vine Stalker Enchanter on Oct 18, 2016.
             Was an Initiate of Dithmenos.
             Mangled by an orc warrior
             ... wielding a +0 long sword
              (17 damage)
             ... on level 8 of the Dungeon.
             The game lasted 00:07:39 (2061 turns).

Amnesiac the Magician (Vine Stalker Enchanter)      Turns: 2061, Time: 00:07:39

Health: -13/38     AC:  5    Str: 11    XL:     8   Next: 99%
Magic:  0/18       EV: 13    Int: 20    God:    Dithmenos [......]
Gold:   166        SH:  0    Dex: 17    Spells: 3 memorised, 12 levels left

rFire  . . .     SeeInvis .     n - +5 rapier of Jikaokur {protect, -Tele Int+5}
rCold  . . .     Gourm    .     b - +1 robe
rNeg   . . .     Faith    .     (no shield)
rPois  +         Spirit   +     (no helmet)
rElec  .         Reflect  .     p - +1 cloak {rPois}
rCorr  .         Harm     .     (no gloves)
MR     +....     NoTele   +     (no boots)
Stlth  +++.......               e - amulet of regeneration
                                (no ring)
                                (no ring)

@: lethally poisoned (-13 -> -14), slowed, very slow
A: fangs 3, regeneration 1, evolution 1, magic shield, antimagic bite, no device
heal 3, rot immunity
a: Renounce Religion


You were on level 8 of the Dungeon.
You worshipped Dithmenos.
Dithmenos was noncommittal.
You were near starving.

You visited 2 branches of the dungeon, and saw 9 of its levels.

You collected 166 gold pieces.

Inventory:

Hand Weapons
 l - a +0 dagger of draining
 n - the +5 rapier of Jikaokur (weapon) {protect, -Tele Int+5}
   (You found it on level 6 of the Dungeon)

   It protects the one who uses it against injury (+AC on strike).
   It affects your intelligence (+5).
   It prevents most forms of teleportation.
Armour
 b - a +1 robe (worn)
 p - a +1 cloak of poison resistance (worn)
Jewellery
 e - an amulet of regeneration (around neck)
Scrolls
 f - a scroll of magic mapping {unknown}
 h - 3 scrolls of identify
 m - 2 scrolls of remove curse
 o - 2 scrolls of teleportation {unknown}
Potions
 i - a potion of might
 k - 2 potions of curing
Books
 c - a book of Maledictions

   Spells                             Type                      Level
   a - Corona                         Hexes                        1
   b - Ensorcelled Hibernation        Hexes/Ice                    2
   c - Confuse                        Hexes                        3
   d - Tukima's Dance                 Hexes                        3
   e - Dazzling Spray                 Conjuration/Hexes            3
Comestibles
 a - 2 chunks of flesh
 d - 3 bread rations
 g - 2 beef jerkies
 j - a meat ration


   Skills:
 + Level 1.7 Fighting
 * Level 6.0 Short Blades
 + Level 2.3 Dodging
 + Level 5.9 Stealth
 + Level 6.0 Spellcasting
 + Level 5.7 Hexes


You had 12 spell levels left.
You knew the following spells:

 Your Spells              Type           Power        Failure   Level  Hunger
e - Confuse               Hex            ####....     3%          3    ##.....
f - Corona                Hex            ####...      1%          1    None
w - Tukima's Dance        Hex            ####....     3%          3    ##.....


Dungeon Overview and Level Annotations

Branches:
Dungeon (9/15)             Temple (1/1) D:4
   Lair: D:8-11         Orc: D:9-12

Altars:
Ashenzari
Cheibriados
Dithmenos
Elyvilon
Fedhas
Gozag
Hepliaklqana
Kikubaaqudgha
Makhleb
Nemelex Xobeh
Okawaru
Qazlal
Ru
Sif Muna
Trog
Uskayaw
Vehumet
Xom
Yredelemnul
Zin
The Shining One


Innate Abilities, Weirdness & Mutations

You have razor-sharp teeth.
Your natural rate of healing is unusually fast.
When hurt, damage is shared between your health and your magic reserves.
Your bite disrupts and absorbs the magic of your enemies.
Potions and wands cannot restore your health.
You are immune to rotting.
You evolve.


Message History

Things that are here:
a hand axe; an orc corpse; a worker ant corpse
Okay, then.
Okay, then.
You feel sick.
The orc wizard mumbles some strange words.
You feel sick.
The orc wizard mumbles some strange words.
The orc warrior hits you with a long sword!
* * * LOW HITPOINT WARNING * * *
You feel sick.
There is a stone staircase leading down here.
Okay, then.
As you read the scroll labeled QIGARI YKISUN, it crumbles to dust.
You feel blessed for a moment.
It was a scroll of remove curse.
The orc wizard misses you.
The orc wizard hits you with an enchanted dagger.
* * * LOW HITPOINT WARNING * * *
The orc warrior hits you with a long sword!!
You die...

.# .#
########.#
#........#####
#............
#.o........#
#.oo†......#
#@ooo5.....#
######o....#
#))...#
......#
.......#
..........
.......##.##
........# .#
.........# #


You could see an orc warrior, 2 orc wizards, a crimson imp and 4 orcs.

Vanquished Creatures
  Pikel (D:5)
  A hungry ghost (D:8)
  Menkaure (D:6)
  A sky beast (D:6)
  2 slaves (D:5)
  An ice beast (D:6)
  An ogre (D:5)
  2 centaurs
  A bullfrog (D:6)
  2 crimson imps (D:6)
  A centaur zombie (D:5)
  A bullfrog zombie (D:5)
  2 hounds (D:5)
  2 jellies
  3 orc priests
  An iguana (D:6)
  2 orc wizards (D:6)
  A worker ant (D:8)
  A gnoll (D:5)
  4 adders
  A shadow imp (D:5)
  An ooze (D:6)
  An adder zombie (D:2)
  An adder skeleton (D:2)
  2 leopard geckos
  3 orcs
  A bat skeleton (D:2)
  3 goblins
  5 jackals
  3 kobolds
  A quokka (D:6)
  3 ball pythons
  A ball python skeleton (D:2)
  4 bats
  2 frilled lizards (D:2)
  A leopard gecko zombie (D:2)
  3 rats
67 creatures vanquished.

Vanquished Creatures (collateral kills)
  Crazy Yiuf (D:6)
1 creature vanquished.

Grand Total: 68 creatures vanquished

Notes
Turn   | Place    | Note
-------+----------+-------------------------------------------
     0 | D:1      | Amnesiac the Vine Stalker Enchanter began the quest for the Orb.
     0 | D:1      | Reached XP level 1. HP: 9/9 MP: 4/4
   136 | D:1      | Reached XP level 2. HP: 13/13 MP: 4/6
   194 | D:2      | Reached skill level 1 in Short Blades
   285 | D:2      | Reached XP level 3. HP: 7/16 MP: 4/8
   602 | D:3      | Gained mutation: Your natural rate of healing is unusually fast. [Vine Stalker growth]
   602 | D:3      | Reached XP level 4. HP: 20/21 MP: 7/9
   621 | D:3      | Learned a level 3 spell: Confuse
   625 | D:3      | Learned a level 3 spell: Tukima's Dance
   776 | D:4      | Found a staircase to the Ecumenical Temple.
   783 | Temple   | Entered the Ecumenical Temple
   833 | Temple   | Became a worshipper of Dithmenos the Shadowed
   854 | D:5      | Entered Level 5 of the Dungeon
   874 | D:5      | Noticed an ogre
   888 | D:5      | Killed an ogre
   888 | D:5      | Reached XP level 5. HP: 13/24 MP: 1/10
  1007 | D:5      | Reached XP level 6. HP: 22/28 MP: 9/12
  1026 | D:5      | Noticed a slave
  1067 | D:5      | Killed a slave
  1075 | D:5      | Noticed a slave
  1076 | D:5      | Noticed Pikel
  1132 | D:5      | Killed Pikel
  1132 | D:5      | Reached skill level 5 in Spellcasting
  1132 | D:5      | Reached skill level 5 in Hexes
  1132 | D:5      | Reached XP level 7. HP: 11/32 MP: 12/15
  1321 | D:6      | Gained mutation: You have razor-sharp teeth. [Vine Stalker growth]
  1321 | D:6      | Reached XP level 8. HP: 36/36 MP: 16/16
  1326 | D:6      | Got a steaming rapier
  1327 | D:6      | Identified the +5 rapier of Jikaokur {protect, -Tele Int+5} (You found it on level 6 of the Dungeon)
  1353 | D:6      | Reached skill level 5 in Short Blades
  1353 | D:6      | Reached skill level 5 in Stealth
  1438 | D:6      | Gained mutation: You evolve. [mutagenic meat]
  1465 | D:6      | Found a runed door.
  1469 | D:6      | Noticed Crazy Yiuf
  1471 | D:6      | Was placed under penance by Dithmenos
  1478 | D:6      | Killed Crazy Yiuf
  1805 | D:6      | Noticed Menkaure
  1811 | D:6      | Was forgiven by Dithmenos
  1816 | D:6      | Killed Menkaure
  1816 | D:6      | Reached skill level 1 in Fighting
  2001 | D:6      | You fall through a shaft for 3 floors!
  2061 | D:8      | Mangled by an orc warrior

Vault maps used:
D:1:      dpeg_arrival_rooms_a, minmay_misc_feat_more_columns
D:2:      serial_undead, serial_undead_a, serial_undead_c, serial_undead_c,
          serial_undead_d, kennysheep_generic_room_11
D:4:      serial_shops, shop, first_bread
D:5:      cheibrodos_gnoll_hut, uniq_pikel
D:6:      uniq_menkaure, uniq_crazy_yiuf_cottage
D:8:      minmay_lair_entry_grove, serial_shops, shop, st_stairs_6,
          grunt_dithmenos_smoke
D:9:      serial_ice, serial_ice_j, serial_ice_a, serial_ice_o, serial_ice_g,
          serial_ice_m, hangedman_ranch, uniq_prince_ribbit1
Temple:   dpeg_three_leaves_temple

Skill      XL: |  1  2  3  4  5  6  7  8 |
---------------+-------------------------+-----
Spellcasting   | 3 5 6 |  6.0
Short Blades   | 2 3 4 6 |  6.0
Stealth        | 4 5 |  5.9
Hexes          | 5 |  5.7
Fighting       | 1 |  1.7
Dodging        | 2 |  2.3

Action                   |  1- 3 |  4- 6 |  7- 9 || total
-------------------------+-------+-------+-------++-------
Melee: Dagger            |   121 |   110 |    19 ||   250
       Bite              |    21 |    33 |    25 ||    79
       Rapier            |       |       |    74 ||    74
 Cast: Corona            |     2 |     1 |       ||     3
       Confuse           |       |     4 |     5 ||     9
       Tukima's Dance    |       |     1 |     2 ||     3
  Use: Scroll            |       |     1 |     1 ||     2
 Stab: Sleeping          |     5 |     4 |     6 ||    15
       Distracted        |       |     1 |       ||     1
       Confused          |       |       |     2 ||     2
  Eat: Chunk             |       |     1 |     6 ||     7
Armor: Robe              |    34 |    13 |    38 ||    85
Dodge: Dodged            |    78 |    56 |    62 ||   196
